 Dungeon Crawl Stone Soup version 0.30-a0-4-ga7cffc901d (webtiles) character file.

Game seed: 11293149303456671857

88 SensoryNuts the Cudgeller (level 4, 0/42 HPs)
             Began as a Troll Gladiator on Aug 21, 2022.
             Killed by nerve-wracking pain
             ... invoked by an orc priest
              (14 damage)
             ... on level 4 of the Dungeon.
             The game lasted 00:01:51 (2472 turns).

SensoryNuts the Cudgeller (Troll Gladiator)         Turns: 2472, Time: 00:01:51

Health: 0/42       AC:  4    Str: 24    XL:     4   Next: 30%
Magic:  3/3        EV: 10    Int:  4    God:
Gold:   84         SH:  0    Dex: 11    Spells: 3/3 levels left

rFire   . . .      SeeInvis .    a - +0 flail
rCold   . . .      Faith    .    (no shield)
rNeg    . . .      Spirit   .    b - +0 robe
rPois   .          Reflect  .    c - +0 hat
rElec   .          Harm     .    (no cloak)
rCorr   .          Rampage  .    (gloves unavailable)
Will    .....                    (boots unavailable)
Stlth   +.........               (no amulet)
HPRegen 0.94/turn                (no ring)
MPRegen 0.08/turn                (no ring)

@: attractive
A: large, unfitting armour, claws 3, regeneration 1, shaggy fur 1, tough skin 1
a: no special abilities


You were on level 4 of the Dungeon.
You visited 1 branch of the dungeon, and saw 4 of its levels.

You collected 84 gold pieces.

Inventory:

Hand Weapons
 a - a +0 flail (weapon)
Missiles
 d - 3 throwing nets (quivered)
 e - a large rock
Armour
 b - a +0 robe (worn)
 c - a +0 hat (worn)
Jewellery
 x - a ring of resist corrosion
Wands
 v - a wand of roots (11)
Scrolls
 f - a scroll of vulnerability {unknown}
 k - a scroll of blinking {unknown}
 l - 2 scrolls of identify {unknown}
 m - a scroll of amnesia {unknown}
 o - a scroll of magic mapping {unknown}
 p - a scroll of enchant weapon {unknown}
 s - a scroll of fog {unknown}
 u - 3 scrolls of poison {unknown}
Potions
 g - a potion of attraction
 h - 2 potions of resistance {unknown}
 i - 3 potions of heal wounds {unknown}
 j - a potion of invisibility {unknown}
 n - a potion of cancellation {unknown}
 q - 4 potions of lignification {unknown}
 r - 2 potions of mutation {unknown}
 t - a potion of ambrosia {unknown}
 w - a potion of brilliance {unknown}


   Skills:
 + Level 2.0 Fighting
 + Level 3.7 Maces & Flails
 + Level 2.1 Throwing
 + Level 2.9 Dodging
 + Level 0.3 Stealth


You had 3 spell levels left.
You didn't know any spells.
Your spell library contained the following spells:

 Spells                   Type           Power      Damage    Failure   Level
 Apportation              Tloc           0%         N/A       50%         1
 Static Discharge         Conj/Air       0%         3-3/arc   65%         2
 Alistair's Intoxication  Tmut/Pois      0%         N/A       100%        5
 Lightning Bolt           Conj/Air       0%         1d11      100%        5
 Maxwell's Capacitive Co  Air            0%         ∞         100%        8


Dungeon Overview and Level Annotations

Branches:
Dungeon (4/15)             Temple (0/1) D:4

Altars:


Innate Abilities, Weirdness & Mutations

You are too large for most types of armour.
You have claws for hands.
Your natural rate of healing is unusually fast.
You are covered in fur. (AC +1)
You have tough skin. (AC +1)


Message History

You are too injured to fight recklessly!
You are too injured to fight recklessly!
Unknown command.
It was a potion of attraction.
You feel attractive to monsters. The orc barely misses you.
The orc priest hits you with a +0 club.
You hit the orc priest.
The orc priest is lightly wounded.
The orc closely misses you.
The orc priest hits you but does no damage.
You hit the orc priest but do no damage.
The orc priest is lightly wounded.
The orc priest hits you but does no damage.
The orc barely misses you.
You thump the orc priest!
The orc priest is heavily wounded.
The orc priest hits you with a +0 club. The orc hits you but does no damage.
You barely miss the orc priest.
The orc priest is heavily wounded.
The orc priest barely misses you. The orc hits you but does no damage.
You closely miss the orc priest.
The orc priest is heavily wounded.
The orc priest looks satisfied for a moment.
The orc hits you but does no damage. The orc priest hits you with a +0 club.
The orc hits you but does no damage.
You closely miss the orc priest.
The orc priest is heavily wounded.
The orc priest hits you with a +0 club. The orc barely misses you.
You completely miss the orc priest.
The orc priest is heavily wounded.
The orc hits you with a +0 short sword. The orc priest barely misses you.
You barely miss the orc priest.
The orc priest is heavily wounded.
The orc priest hits you with a +0 club. The orc hits you but does no damage.
You hit the orc priest.
The orc priest is severely wounded.
The orc priest hits you with a +0 club. The orc hits you with a +0 short sword.
The orc priest mumbles some strange prayers to Beogh against you.
Pain shoots through your body!
You die...

##........##
...#.⌠.#...###
.#.......#...#
...⌠.>.⌠...#.#
#.......#...#
...#.⌠.#....#
.........#?.###.#
#@o<......#
#...)o#######.#
##.#.## #..$ ####


You could see an orc priest and an orc.

Vanquished Creatures
  3 adders (D:3)
  A worm (D:2)
  4 dart slugs
  2 orcs (D:4)
  4 ball pythons
  6 bats
  3 endoplasms
  4 giant cockroaches
  4 goblins
  5 hobgoblins
  A quokka (D:1)
  3 frilled lizards
  6 kobolds
  A rat (D:1)
47 creatures vanquished.

Notes
Turn   | Place    | Note
-------+----------+-------------------------------------------
     0 | D:1      | SensoryNuts the Troll Gladiator began the quest for the
                  | Orb.
     0 | D:1      | Reached XP level 1. HP: 19/19 MP: 0/0
   230 | D:1      | Reached XP level 2. HP: 24/27 MP: 1/1
   676 | D:1      | Reached skill level 3 in Maces & Flails
  1250 | D:2      | Reached XP level 3. HP: 35/35 MP: 2/2
  2055 | D:3      | Reached XP level 4. HP: 42/42 MP: 3/3
  2172 | D:3      | Found a faded altar of an unknown god.
  2451 | D:4      | Found a staircase to the Ecumenical Temple.
  2472 | D:4      | Killed from afar by an orc priest

Illustrated notes

Levels and vault maps discovered:
D:1:      evilmike_arrival_hilbert_curve, layout_basic
D:2:      layout_loops_cross
D:3:      layout_basic, chequers_ecumenical_altar_simple_redux, minivault_25,
          minmay_liquid_box
D:4:      layout_loops_ring, chei_slow_surprise, mainiacjoe_overflow_alcove_2,
          jmf_multi_god_temple2, minmay_temple_entry_sparse_star,
          nicolae_shop_sticking_my_neck_out, uniq_blork_the_orc

Skill      XL: |  1  2  3 |
---------------+----------+-----
Throwing       | 2 |  2.1
Maces & Flails | 3 |  3.7
Fighting       | 2 |  2.0
Dodging        | |  2.9
Stealth        | |  0.3

Action                   |  1- 3 |  4- 6 || total
-------------------------+-------+-------++-------
Melee: Flail             |   120 |    34 ||   154
  Use: Potion            |       |     1 ||     1
 Stab: Sleeping          |     3 |       ||     3
Armor: Robe              |    47 |    14 ||    61
Dodge: Dodged            |    63 |    27 ||    90

Table legend: (Time is in decaauts)
 A = Elapsed time spent in this place.
 B = Non-inter-level travel time spent in this place.
 C = Inter-level travel time spent in this place.
 D = Time resting spent in this place.
 E = Time spent auto-exploring this place.
 F = Levels seen in this place.
 G = Mean time per level.
                   A        B        C        D        E       F      G
               +--------+--------+--------+--------+--------+-----+--------+
         Total |   2507 |   2464 |     43 |      0 |   2014 |   4 |  626.8 |
       Dungeon |   2507 |   2464 |     43 |      0 |   2014 |   4 |  626.8 |
               +--------+--------+--------+--------+--------+-----+--------+

Top non-repeatable levels by time:
     D:1: 977 daAuts
     D:3: 823 daAuts
     D:2: 681 daAuts
     D:4: 25 daAuts
